 Dungeon Crawl Stone Soup version 0.21.0 (webtiles) character file.

2445 oplop the Changer (level 9, -1/67 HPs)
             Began as an Octopode Transmuter on Jan 6, 2018.
             Was a Believer of Cheibriados.
             Slain by a kobold
             ... wielding a +0 dagger
              (4 damage)
             ... on level 7 of the Dungeon.
             The game lasted 00:20:35 (6678 turns).

oplop the Changer (Octopode Transmuter)             Turns: 6678, Time: 00:20:37

Health: -1/67      AC:  6    Str: 16    XL:     9   Next: 49%
Magic:  10/19      EV: 14    Int: 21    God:    Cheibriados [**....]
Gold:   429        SH:  0    Dex: 18    Spells: 4/19 levels left

rFire    x . .     SeeInvis +     - Unarmed
rCold    + + +     Gourm    .   (shield currently unavailable)
rNeg     . . .     Faith    .   (helmet currently unavailable)
rPois    +         Spirit   .   (no amulet)
rElec    .         Reflect  .   j - ring of wizardry
rCorr    .         Harm     .   (no ring)
MR       .....                  (no ring)
Stlth    ++........             (no ring)
HPRegen  0.21/turn              (no ring)
MPRegen  0.16/turn              (no ring)
                                (no ring)
                                (no ring)

@: ice-form, very slightly contaminated, very slow
A: large, almost no armour, stealthy swim, amphibious, 8 rings, (constrict 8),
see invisible, high mp 1
a: End Transformation, Bend Time, Renounce Religion


You were on level 7 of the Dungeon.
You worshipped Cheibriados.
Cheibriados was pleased with you.
You were not hungry.
You were a creature of crystalline ice.
You visited 1 branch of the dungeon, and saw 7 of its levels.

You collected 429 gold pieces.

Inventory:

Missiles
 a - 61 arrows
Jewellery
 j - a ring of wizardry (left front paw)
Wands
 w - a wand of paralysis (11)
 y - a wand of polymorph (12)
Scrolls
 d - 4 scrolls of identify
 f - a scroll of fear
 h - a scroll of teleportation
 m - a scroll of amnesia
 o - a scroll of enchant armour
 p - 3 scrolls of remove curse
 r - a scroll of immolation
 t - 2 scrolls of enchant weapon {unknown}
 u - a scroll of fog
 v - a scroll of noise
Potions
 e - a potion of berserk rage {unknown}
 g - 3 potions of flight
 k - a potion of ambrosia
 l - a potion of magic
 n - 3 potions of curing
 s - 5 potions of brilliance
 x - a potion of cancellation {unknown}
Books
 b - a book of Changes

   Spells                             Type                      Level
   a - Beastly Appendage              Transmutation                1
   b - Sticks to Snakes               Transmutation                2
   c - Spider Form                    Transmutation/Poison         3
   d - Ice Form                       Ice/Transmutation            4
   e - Blade Hands                    Transmutation                5
Comestibles
 c - 6 rations


   Skills:
 + Level 3.1 Fighting
 + Level 5.8 Dodging
 + Level 4.3 Unarmed Combat
 + Level 5.9 Spellcasting
 - Level 7.0 Transmutations
 * Level 4.7 Invocations


You had 4 spell levels left.
You knew the following spells:

 Your Spells              Type           Power        Failure   Level  Hunger
a - Beastly Appendage     Tmut           #####.       1%          1    None
b - Spider Form           Tmut/Pois      ###.......   2%          3    ##.....
c - Sticks to Snakes      Tmut           #####...     1%          2    None
d - Blade Hands           Tmut           #####.....   6%          5    #####..
e - Ice Form              Ice/Tmut       ###.....     9%          4    ####...


Dungeon Overview and Level Annotations

Branches:
Dungeon (7/15)             Temple (0/1) D:7

Altars:
Cheibriados
Elyvilon
Fedhas
Gozag
Makhleb
Nemelex Xobeh
Qazlal
Ru
Sif Muna
Trog
Uskayaw
Vehumet
Xom
Yredelemnul
Zin
The Shining One

Annotations:
D:3 2 transporters


Innate Abilities, Weirdness & Mutations

You cannot wear most types of armour.
You are very stealthy in the water. (Stealth+)
You are amphibious.
You can wear up to eight rings at the same time.
((You can use your tentacles to constrict eight enemies at once.))
((Your skin changes colour to match your surroundings (Stealth+).))
((Your rubbery body absorbs attacks. (AC +1, EV +1)))
((One of your tentacles bears a spike.))
You have supernaturally acute eyesight. (SInv)
You have an increased reservoir of magic. (+10% MP)


Message History

You kill the orc wizard!
Cheibriados thoroughly appreciates the change of pace.
The hound bites you.
* * * LOW HITPOINT WARNING * * *
The kobold misses you. The hound closely misses you.
The orc wizard barely misses you.
You punch the orc wizard! You freeze the orc wizard.
You kill the orc wizard!
Cheibriados appreciates the change of pace.
The hound bites you.
* * * LOW HITPOINT WARNING * * *
The kobold hits you but does no damage. The orc barely misses you.
The hound barely misses you. The orc misses you. The kobold misses you.
You punch the hound! You freeze the hound.
The hound is severely wounded.
You feel yourself speed up. The hound bites you.
* * * LOW HITPOINT WARNING * * *
The kobold hits you with a dagger.
You die...

.......... .......### ..
.......## .## .........
### ..# .......##. ..#
... .......# ...#.#
.......# #.#.# .......#
#ooK## ......#### #Y)##
. .........### #.h.###..
########...#####.#......
# ###..##......###. #
##.##......# #
#..#.._..#### #
##..........# #
#..........# ##
#..........#


You could see a hound, 2 orcs and a kobold.

Vanquished Creatures
  Pikel (D:4)
  A water moccasin (D:7)
  2 black bears
  An ice beast (D:6)
  2 slaves (D:4)
  A big kobold (D:6)
  2 bullfrogs (D:6)
  A scorpion (D:2)
  A water moccasin skeleton (D:7)
  3 killer bees (D:7)
  2 wights (D:6)
  4 howler monkeys
  A quasit (D:6)
  2 crimson imps
  A jelly (D:7)
  An orc priest (D:4)
  2 hounds
  2 iguanas
  Terence (D:3)
  9 orc wizards
  5 worker ants
  A mummy (D:5)
  4 gnolls (D:3)
  7 adders
  An adder skeleton (D:6)
  2 worms
  2 dart slugs
  5 leopard geckos
  20 orcs
  3 ball pythons
  A giant cockroach (D:6)
  7 goblins
  3 hobgoblins
  21 kobolds
  3 quokkas
  3 bats
  2 frilled lizards
  A leopard gecko skeleton (D:4)
  A quokka zombie (D:3)
  10 rats
142 creatures vanquished.

Vanquished Creatures (collateral kills)
  An ice beast (D:5)
  A jelly (D:5)
2 creatures vanquished.

Grand Total: 144 creatures vanquished

Notes
Turn   | Place    | Note
-------+----------+-------------------------------------------
     0 | D:1      | oplop the Octopode Transmuter began the quest for the Orb.
     0 | D:1      | Reached XP level 1. HP: 13/13 MP: 3/3
   136 | D:1      | Reached XP level 2. HP: 18/18 MP: 3/5
   625 | D:1      | Reached XP level 3. HP: 23/23 MP: 4/6
   911 | D:2      | Learned a level 3 spell: Spider Form
  1046 | D:2      | Reached skill level 3 in Transmutations
  1052 | D:2      | Reached XP level 4. HP: 22/28 MP: 6/8
  1152 | D:2      | Found a sparkling altar of Nemelex Xobeh.
  1316 | D:2      | Reached XP level 5. HP: 25/33 MP: 7/10
  1646 | D:3      | Noticed Terence
  1654 | D:3      | Killed Terence
  1848 | D:3      | Reached skill level 4 in Transmutations
  2075 | D:3      | Found an opulent altar of Gozag.
  2079 | D:3      | Found a transporter.
  2079 | D:3      | Noticed a black bear
  2191 | D:3      | Reached XP level 6. HP: 10/38 MP: 7/11
  2473 | D:3      | Found a transporter.
  3378 | D:4      | Reached skill level 5 in Transmutations
  3409 | D:4      | Noticed a slave
  3409 | D:4      | Noticed a slave
  3411 | D:4      | Noticed Pikel
  3415 | D:4      | Noticed a slave
  3416 | D:4      | Noticed a slave
  3421 | D:4      | Killed a slave
  3433 | D:4      | Killed Pikel
  3433 | D:4      | Reached skill level 6 in Transmutations
  3433 | D:4      | Reached XP level 7. HP: 23/43 MP: 11/14
  3553 | D:4      | Reached XP level 8. HP: 21/48 MP: 13/15
  3856 | D:5      | Entered Level 5 of the Dungeon
  3869 | D:5      | Learned a level 2 spell: Sticks to Snakes
  3944 | D:5      | Found a radiant altar of Vehumet.
  4013 | D:5      | Reached skill level 5 in Spellcasting
  4208 | D:5      | Found a glowing golden altar of the Shining One.
  4208 | D:5      | Found a glowing silver altar of Zin.
  4208 | D:5      | Found a white marble altar of Elyvilon.
  4248 | D:5      | Gained mutation: You have supernaturally acute eyesight. (SInv) [potion of mutation]
  4248 | D:5      | Gained mutation: One of your tentacles bears a spike. [potion of mutation]
  4248 | D:5      | Gained mutation: You have an increased reservoir of magic. (+10% MP) [potion of mutation]
  4471 | D:5      | Found a sand-covered staircase.
  4481 | D:5      | Reached skill level 7 in Transmutations
  4490 | D:5      | Learned a level 5 spell: Blade Hands
  4792 | D:5      | Found a snail-covered altar of Cheibriados.
  4796 | D:5      | Found a shimmering altar of Xom.
  4796 | D:5      | Found a hide-covered altar of Uskayaw.
  4798 | D:5      | Found a sacrificial altar of Ru.
  4799 | D:5      | Found a burning altar of Makhleb.
  4800 | D:5      | Found a basalt altar of Yredelemnul.
  4816 | D:5      | Became a worshipper of Cheibriados the Contemplative
  4825 | D:5      | Found a bloodstained altar of Trog.
  4981 | D:6      | Reached skill level 5 in Dodging
  5026 | D:6      | Found a blossoming altar of Fedhas.
  5038 | D:6      | Found a stormy altar of Qazlal.
  5093 | D:6      | Reached skill level 1 in Invocations
  5361 | D:6      | Reached * piety under Cheibriados
  5461 | D:6      | Reached XP level 9. HP: 37/54 MP: 14/19
  5974 | D:6      | Reached ** piety under Cheibriados
  6450 | D:7      | Learned a level 4 spell: Ice Form
  6524 | D:7      | Found a staircase to the Ecumenical Temple.
  6570 | D:7      | Found a deep blue altar of Sif Muna.
  6649 | D:7      | Found a white marble altar of Elyvilon.
  6672 | D:7      | HP: 2/56 [orc wizard/magic dart (8)]
  6678 | D:7      | HP: 3/67 [hound (2)]
  6678 | D:7      | Slain by a kobold

Skill      XL: |  1  2  3  4  5  6  7  8  9 |
---------------+----------------------------+-----
Transmutations | 3 4 6 7 |  7.0
Spellcasting   | 3 4 5 |  5.9
Dodging        | 3 4 5 |  5.8
Invocations    | 3 4 |  4.7
Fighting       | 2 3 |  3.1
Unarmed Combat | 4 |  4.3

Action                   |  1- 3 |  4- 6 |  7- 9 || total
-------------------------+-------+-------+-------++-------
Melee: Unarmed           |    29 |    73 |   148 ||   250
       Constrict         |    16 |    20 |    27 ||    63
       Kick              |     6 |    15 |    31 ||    52
       Tentacles         |     7 |    11 |    18 ||    36
       Dagger            |    24 |    72 |    28 ||   124
       Punch             |     1 |     1 |     4 ||     6
 Cast: Beastly Appendage |    14 |    16 |     1 ||    31
       Spider Form       |       |     9 |     8 ||    17
       Blade Hands       |       |       |    14 ||    14
       Sticks to Snakes  |       |       |     5 ||     5
       Ice Form          |       |       |     3 ||     3
Invok: Bend Time         |       |       |     1 ||     1
  Use: Potion            |       |     1 |     7 ||     8
       Scroll            |       |       |    15 ||    15
 Stab: Sleeping          |     6 |     5 |     1 ||    12
       Invisible         |       |       |     1 ||     1
  Eat: Chunk             |     1 |     8 |     4 ||    13
       Ration            |       |       |     3 ||     3
Armor: Skin              |     3 |     3 |    12 ||    18
Dodge: Dodged            |    26 |    84 |   195 ||   305
